 Dungeon Crawl Stone Soup version 0.27.0-1-g7a089689b8 (webtiles) character file.

Game seed: 1397375957963375973

11806 robertstho the Thaumaturge (level 12, -2/85 HPs)
             Began as a Djinni Fire Elementalist on Aug 10, 2021.
             Was an Elder of Nemelex Xobeh.
             Slain by a boulder beetle (23 damage)
             ... on level 11 of the Dungeon.
             The game lasted 00:25:11 (17170 turns).

robertstho the Thaumaturge (DjFE)                  Turns: 17170, Time: 00:25:11

Health: -2/85      AC: 14    Str:  7    XL:     12   Next: 12%
Gold:   356        EV: 11    Int: 26    God:    Nemelex Xobeh [****..] SH: 12 Dex: 16

rFire    + + +     SeeInvis .   K - +9 lance "Wyrmbane" {slay drac, rPois rF+ rC+ AC+3}
rCold    . . .     Faith    .   c - +0 kite shield
rNeg     . . .     Spirit   .   L - +0 steam dragon scales
rPois    ∞         Reflect  +   d - +0 helmet
rElec    .         Harm     .   v - +0 cloak
rCorr    .         Rampage  .   (no gloves)
Will     +....                  (boots unavailable)
Stlth    +++.......             s - amulet of reflection
HPRegen  0.24/turn              F - +4 ring of protection
MPRegen  0.00/turn              J - +6 ring of intelligence

@: flying, very slightly contaminated, studying Fighting, invisible
A: sickness immunity, fire resistance 2, cold vulnerability 1, float, innate
caster, hp casting, extra vitality 1
a: Renounce Religion, Draw Escape, Draw Destruction, Draw Summoning, Triple
Draw, Deal Four


You were on level 11 of the Dungeon.
You worshipped Nemelex Xobeh.
Nemelex Xobeh was greatly pleased with you.
You visited 1 branch of the dungeon, and saw 11 of its levels.
You also visited: Sewer.

You collected 551 gold pieces.
You spent 195 gold pieces at shops.

Inventory:

Hand Weapons
 w - the +7 mace "Moit" {venom, Int+6}
   (You found it on level 5 of the Dungeon)

   It poisons the flesh of those it strikes.
   Int:       It affects your intelligence (+6).
 K - the +9 lance "Wyrmbane" (weapon) {slay drac, rPois rF+ rC+ AC+3}
   (You took it off Maggie on level 8 of the Dungeon)

   It inflicts extra damage against dragons and draconians.
   AC:        It affects your AC (+3).
   rF:        It protects you from fire.
   rC:        It protects you from cold.
   rPois:     It protects you from poison.
Armour
 c - a +0 kite shield (worn)
 d - a +0 helmet (worn)
 v - a +0 cloak (worn)
 L - +0 steam dragon scales (worn)
Jewellery
 a - a ring of ice
 s - an amulet of reflection (around neck)
 F - a +4 ring of protection (left hand)
 J - a +6 ring of intelligence (right hand)
Wands
 e - a wand of charming (7)
 k - a wand of flame (14)
 q - a wand of iceblast (18)
 G - a wand of digging (4)
Scrolls
 f - a scroll of identify
 h - a scroll of enchant weapon {unknown}
 i - a scroll of blinking
 l - a scroll of torment
 m - 2 scrolls of summoning
 r - 4 scrolls of enchant armour
 x - 2 scrolls of fear {unknown}
 y - 3 scrolls of amnesia {unknown}
 D - 2 scrolls of vulnerability {unknown}
 E - 4 scrolls of teleportation {unknown}
 H - 3 scrolls of noise {unknown}
 I - 3 scrolls of immolation {unknown}
Potions
 b - a potion of invisibility
 g - a potion of flight {unknown}
 j - 7 potions of curing {unknown}
 p - a potion of lignification
 u - 2 potions of might
 z - 2 potions of magic {unknown}
 A - 2 potions of brilliance {unknown}
 B - 2 potions of haste
 C - a potion of resistance
Miscellaneous
 n - a lightning rod (4/4)


   Skills:
 * Level 7.5 Fighting
 + Level 3.9 Polearms
 + Level 5.1 Dodging
 + Level 4.3 Stealth
 + Level 1.1 Shields
 * Level 11.4 Spellcasting
 * Level 5.4 Invocations
 + Level 0.1 Evocations


You had 3 spell levels left.
You knew the following spells:

 Your Spells              Type           Power      Damage    Failure   Level
a - Foxfire               Conj/Fire      100%       2x1d9     1%          1
b - Conjure Flame         Conj/Fire      65%        6-21      1%          3
c - Inner Flame           Hex/Fire       65%        N/A       1%          3
d - Sticky Flame          Conj/Fire      65%        2d8       1%          4
e - Fireball              Conj/Fire      32%        3d14      6%          5
f - Beastly Appendage     Tmut           100%       N/A       1%          1
g - Slow                  Hex            65%        N/A       1%          2
h - Searing Ray           Conj           100%       3d7       1%          2
i - Passage of Golubria   Tloc           N/A        N/A       1%          4
j - Lightning Bolt        Conj/Air       32%        1d50      6%          5
Your spell library was empty.

Dungeon Overview and Level Annotations

Branches:
Dungeon (11/15)            Temple (0/1) D:6            Lair (0/6) D:9
    Orc (0/2) D:10          Sewer (visited)

Altars:
Ashenzari
Dithmenos
Elyvilon
Fedhas
Kikubaaqudgha
Nemelex Xobeh
Ru
Sif Muna
Trog
Uskayaw
Wu Jian
Xom
Yredelemnul
The Shining One

Shops:
D:6 !

Annotations:
D:9 exclusion: orange crystal statue
D:10 Grum


Innate Abilities, Weirdness & Mutations

You are immune to sickness and miasma.
You are immune to poison.
Your flesh is very heat resistant. (rF++)
You are vulnerable to cold. (rC-)
You float through the air rather than walking.
You learn spells naturally, not from books.
Your magical power is your life essence.
You have superior vitality. (+4 HP)


Message History

The boulder beetle is lightly wounded.
You hear a shout!
You block the boulder beetle's attack.
The boulder beetle stops rolling and uncurls.
Casting: Fireball (dangerous; 6% risk of failure)
Confirm with . or Enter, or press ? or * to list all spells.
Aiming: Lightning Bolt (dangerous; 6% risk of failure)
Press: ? - help, Shift-Dir - straight line, f/p - boulder beetle
Aim: a boulder beetle (lightly wounded, 100% to hit)
You hear a mighty clap of thunder!
The bolt of lightning hits the boulder beetle.
The boulder beetle is lightly wounded.
You hear a howl!
The boulder beetle leaps!
Casting: Lightning Bolt (dangerous; 6% risk of failure)
Confirm with . or Enter, or press ? or * to list all spells.
Aiming: Lightning Bolt (dangerous; 6% risk of failure)
Press: ? - help, Shift-Dir - straight line, f/p - boulder beetle
Aim: a boulder beetle (lightly wounded, 100% to hit)
You hear a mighty clap of thunder!
The bolt of lightning hits the boulder beetle.
The boulder beetle is moderately wounded.
You hear a shout!
The boulder beetle bites you!
* * * LOW HITPOINT WARNING * * *
You fade into invisibility!
You block the boulder beetle's attack.
You are very lightly contaminated with residual magic.
Casting: Lightning Bolt (dangerous; 6% risk of failure)
Confirm with . or Enter, or press ? or * to list all spells.
Aiming: Sticky Flame (dangerous; 1% risk of failure)
Press: ? - help, Shift-Dir - straight line, f/p - boulder beetle
Aim: a boulder beetle (moderately wounded, 100% to hit)
The sticky flame hits the boulder beetle but does no damage.
The boulder beetle is moderately wounded.
The boulder beetle is covered in liquid flames!
* * * LOW HITPOINT WARNING * * *
The boulder beetle burns!
The boulder beetle bites you!!
You die...
Your body glows slightly and disappears.

#. #... ..
#.####...#...
##.#......#...
##...........#
##.......##...# ....
#........#....###.....
#...B.†.......#......
#.$@.†.....##......
##..†......○.......
####....(..○......
##.......#.....!
#...............
####..###........
##................
#.......##........
#.................


You could see a boulder beetle (burning).

Vanquished Creatures
  A hydra (D:9)
  Psyche (D:10)
  An unseen horror (D:7)
  Maggie (D:8)
  2 trolls (D:10)
  A hornet (D:8)
  Prince Ribbit (D:7)
  17 yaks
  3 vampire mosquitoes (D:11)
  Edmund (D:5)
  Duvessa (D:4)
  2 water moccasins
  A sky beast (D:6)
  4 orc warriors (D:10)
  4 black bears
  A hornet zombie (D:7)
  An ice beast (D:6)
  A necrophage (D:5)
  6 ogres
  4 wolves (D:10)
  4 centaurs
  7 kobold brigands
  4 bullfrogs
  Blork the orc (D:5)
  3 scorpions
  3 gnoll sergeants
  Dowan (D:4)
  A wyvern skeleton (D:7)
  6 wights
  5 howler monkeys
  5 hounds
  3 centaur zombies
  2 bullfrog zombies (D:6)
  A jelly (D:4)
  4 orc priests
  A centaur skeleton (D:5)
  Crazy Yiuf (D:5)
  3 iguanas
  2 bullfrog skeletons (D:6)
  7 orc wizards
  Natasha (thrice) (D:4)
  A killer bee zombie (D:7)
  A hound skeleton (D:4)
  18 gnolls
  2 river rats
  17 adders
  2 ufetubi
  2 worms
  6 dart slugs
  30 orcs
  7 bats
  4 endoplasms
  3 giant cockroaches
  8 goblins
  7 hobgoblins
  4 quokkas
  3 ball pythons
  5 frilled lizards
  29 kobolds
  12 rats
282 creatures vanquished.

Vanquished Creatures (collateral kills)
  2 gnoll sergeants (D:10)
  A wyvern skeleton (D:7)
  3 wights (D:7)
6 creatures vanquished.

Vanquished Creatures (others)
  A kobold brigand (D:10)
  727 foxfires
  5 fungi (D:6)
733 creatures vanquished.

Grand Total: 1021 creatures vanquished

Notes
Turn   | Place    | Note
-------+----------+-------------------------------------------
     0 | D:1      | robertstho the Djinni Fire Elementalist began the quest for
                  | the Orb.
     0 | D:1      | Reached XP level 1. HP: 15/15 MP: 0/0
   177 | D:1      | Reached XP level 2. HP: 18/22 MP: 0/0
   725 | D:1      | Reached skill level 3 in Spellcasting
   822 | D:1      | Found a faded altar of an unknown god.
  1244 | D:2      | Reached XP level 3. HP: 22/26 MP: 0/0
  1244 | D:2      | Learned a level 1 spell: Beastly Appendage
  1946 | D:2      | Reached XP level 4. HP: 29/31 MP: 0/0
  2074 | D:2      | Reached skill level 1 in Fighting
  2696 | D:3      | Reached XP level 5. HP: 30/37 MP: 0/0
  2696 | D:3      | Learned a level 2 spell: Slow
  2936 | D:3      | Reached skill level 4 in Spellcasting
  3403 | D:3      | Found a bloodstained altar of Trog.
  3829 | D:4      | Noticed Duvessa
  3830 | D:4      | Noticed Dowan
  3841 | D:4      | Killed Duvessa
  3842 | D:4      | Reached XP level 6. HP: 22/43 MP: 0/0
  4286 | D:4      | Reached skill level 5 in Spellcasting
  4644 | D:4      | Reached XP level 7. HP: 41/48 MP: 0/0
  4644 | D:4      | Learned a level 2 spell: Searing Ray
  5135 | D:4      | Noticed Natasha
  5139 | D:4      | Killed Natasha
  5182 | D:4      | Identified a scroll of acquirement
  5183 | D:4      | Acquired a manual of Fighting
  5328 | D:4      | Noticed Natasha
  5333 | D:4      | Killed Natasha
  5334 | D:4      | Reached skill level 6 in Spellcasting
  5399 | D:4      | Found an ornate altar of the Wu Jian Council.
  5518 | D:4      | Reached XP level 8. HP: 51/54 MP: 0/0
  5583 | D:4      | Noticed Natasha
  5587 | D:4      | Killed Natasha
  5661 | D:4      | Killed Dowan
  5791 | D:5      | Entered Level 5 of the Dungeon
  5901 | D:5      | Noticed Blork the orc
  5908 | D:5      | Reached skill level 7 in Spellcasting
  5909 | D:5      | Killed Blork the orc
  5985 | D:5      | Found a sparkling altar of Nemelex Xobeh.
  5999 | D:5      | Became a worshipper of Nemelex Xobeh the Trickster
  6172 | D:5      | Noticed Edmund
  6186 | D:5      | Killed Edmund
  6283 | D:5      | Found a runed translucent door.
  6284 | D:5      | Noticed Crazy Yiuf
  6290 | D:5      | Killed Crazy Yiuf
  6301 | D:5      | Identified the +7 mace "Moit" {venom, Int+6}
  6428 | D:5      | Reached XP level 9. HP: 53/61 MP: 0/0
  6428 | D:5      | Learned a level 4 spell: Passage of Golubria
  6465 | D:5      | Found a glowing drain.
  6469 | Sewer    | Entered a sewer
  6681 | Sewer    | Reached * piety under Nemelex Xobeh
  6701 | Sewer    | Reached skill level 1 in Invocations
  6709 | Sewer    | Reached skill level 1 in Polearms
  7003 | D:5      | Found a glowing golden altar of the Shining One.
  7005 | D:5      | Noticed an angel
  7379 | D:5      | Found a shimmering altar of Xom.
  7392 | D:5      | Received a gift from Nemelex Xobeh
  7598 | D:5      | Found a basalt altar of Yredelemnul.
  8103 | D:6      | Reached skill level 8 in Spellcasting
  8263 | D:6      | Reached ** piety under Nemelex Xobeh
  8389 | D:6      | Found a staircase to the Ecumenical Temple.
  9463 | D:6      | Received a gift from Nemelex Xobeh
  9470 | D:6      | Found a sacrificial altar of Ru.
  9478 | D:6      | Found Senar's Distillery.
  9489 | D:6      | Bought a potion of degeneration for 15 gold pieces
  9489 | D:6      | Bought a potion of invisibility for 120 gold pieces
  9489 | D:6      | Bought a potion of might for 60 gold pieces
  9574 | D:6      | Found a shadowy altar of Dithmenos.
 10084 | D:7      | Noticed Prince Ribbit
 10087 | D:7      | Reached XP level 10. HP: 59/69 MP: 0/0
 10096 | D:7      | Killed Prince Ribbit
 10097 | D:7      | Reached skill level 5 in Fighting
 10447 | D:7      | Received a gift from Nemelex Xobeh
 10775 | D:7      | Reached *** piety under Nemelex Xobeh
 10780 | D:7      | Found a broken altar of Ashenzari.
 10799 | D:7      | Noticed an unseen horror
 10803 | D:7      | Killed an unseen horror
 10804 | D:7      | Reached skill level 9 in Spellcasting
 11237 | D:7      | Found a white marble altar of Elyvilon.
 11382 | D:8      | Noticed Maggie
 11995 | D:8      | Killed Maggie
 12623 | D:8      | Received a gift from Nemelex Xobeh
 13063 | D:8      | Found a blossoming altar of Fedhas.
 13063 | D:8      | Found a hide-covered altar of Uskayaw.
 13482 | D:9      | Received a gift from Nemelex Xobeh
 13548 | D:9      | Reached **** piety under Nemelex Xobeh
 13590 | D:9      | Noticed an orange crystal statue
 14085 | D:9      | Found a staircase to the Lair.
 14119 | D:9      | Noticed a five-headed hydra
 14124 | D:9      | Killed a five-headed hydra
 14125 | D:9      | Reached skill level 10 in Spellcasting
 14125 | D:9      | Reached XP level 11. HP: 57/78 MP: 0/0
 14125 | D:9      | Learned a level 5 spell: Lightning Bolt
 14401 | D:10     | Entered Level 10 of the Dungeon
 14687 | D:10     | Noticed Grum
 15461 | D:10     | Noticed Psyche
 15464 | D:10     | Killed Psyche
 15465 | D:10     | Reached skill level 5 in Invocations
 15920 | D:10     | Reached skill level 11 in Spellcasting
 16153 | D:10     | Found a staircase to the Orcish Mines.
 16160 | D:10     | Reached skill level 5 in Dodging
 16575 | D:10     | Reached skill level 1 in Shields
 16922 | D:11     | Reached XP level 12. HP: 58/85 MP: 0/0
 17103 | D:11     | Received a gift from Nemelex Xobeh
 17156 | D:11     | Noticed a boulder beetle
 17170 | D:11     | Slain by a boulder beetle

Illustrated notes

Levels and vault maps discovered:
D:1:      dpeg_arrival_subterranean_lakeside_camping, layout_basic,
          shapermc_ecumenical_altar_starsandcircs, hangedman_decor_growths,
          nrook_campfire
D:2:      layout_loops_corners, basic_altar
D:3:      layout_loops_ring, bloody_trog, kennysheep_generic_room_11
D:4:      layout_gridville, mainiacjoe_overflow_swirl, uniq_natasha,
          uniq_duvessa
D:5:      minmay_spotlight, layout_layer_cave, grunt_temple_overflow_holy_war,
          lemuel_crystal_altar, mainiacjoe_overflow_surrounded_room,
          gup_sewer_entry_spiral, kennysheep_generic_room_14,
          uniq_blork_the_orc, uniq_crazy_yiuf_cottage, uniq_edmund
D:6:      layout_loops_corners, nicolae_ru_awakened_eye,
          mainiacjoe_overflow_six_doors_small, minmay_temple_entry_waves,
          serial_aquarium, aquarium_bridge_square [aquarium_subvault_bridge,
          aquarium_subvault_bridge, aquarium_subvault_bridge,
          aquarium_subvault_balcony], aquarium_window_fake,
          aquarium_window_fake, aquarium_window_fake, aquarium_window_2,
          aquarium_view_2b, aquarium_view_2c, aquarium_balcony_5b, serial_shops,
          nicolae_diamond_shop, kennysheep_generic_room_9
D:7:      layout_cave_pools, nicolae_overflow_hidden_temple,
          general_overflow_altar, uniq_prince_ribbit1
D:8:      layout_cave_pools, minitemple, uniq_maggie
D:9:      layout_basic, lair_entry_dummy, serial_corexii_hall,
          corexii_hall_statues_l, chequers_hall_statues_corner_a,
          corexii_hall_statues_i, minmay_statue_bubble
D:10:     layout_roguey, lemuel_doored_altar,
          kennysheep_orc_monster_closet_entryway, kennysheep_generic_room_15,
          uniq_psyche, uniq_grum
D:11:     layout_cave_pools, kennysheep_nub, chequers_serial_rivers_small_b

Skill      XL: |  1  2  3  4  5  6  7  8  9 10 11 |
---------------+----------------------------------+-----
Spellcasting   | 3 4 5 6 7 8 10 11 | 11.4
Fighting       | 1 2 3 4 6 7 |  7.5
Stealth        | 2 3 4 |  4.3
Invocations    | 3 4 5 |  5.4
Polearms       | 2 3 |  3.9
Dodging        | 3 5 |  5.1
Shields        | 1 |  1.1
Evocations     | |  0.1

Action                   |  1- 3 |  4- 6 |  7- 9 | 10-12 || total
-------------------------+-------+-------+-------+-------++-------
Melee: Dagger            |       |     1 |       |       ||     1
       Halberd           |       |       |    59 |     5 ||    64
       Lance             |       |       |       |    33 ||    33
 Cast: Foxfire           |    67 |   138 |   214 |    12 ||   431
       Sticky Flame      |       |     1 |     9 |    36 ||    46
       Slow              |       |     1 |       |       ||     1
       Fireball          |       |       |    23 |   143 ||   166
       Passage of Golubr |       |       |       |     1 ||     1
       Lightning Bolt    |       |       |       |     4 ||     4
Invok: Draw Summoning    |       |       |       |     2 ||     2
       Draw Escape       |       |       |       |     1 ||     1
Evoke: Wand              |       |       |       |     1 ||     1
  Use: Scroll            |       |     3 |     8 |     2 ||    13
       Potion            |       |       |       |     3 ||     3
 Stab: Sleeping          |       |       |     6 |       ||     6
Armor: Robe              |     1 |     3 |    11 |     2 ||    17
       Steam dragon scal |       |       |       |    20 ||    20
Dodge: Dodged            |     5 |    18 |    30 |    54 ||   107
Block: Other             |       |       |    12 |    13 ||    25
       Reflection        |       |       |     3 |     5 ||     8
       Kite shield       |       |       |       |     7 ||     7
